AoeStats
← blabla

Lombardia

507401678Analyzed
3v3 RM · 13d ago on Sep 18, 2026· 35m 51s· 6 players
Game mode
Random Map
Map size
Normal (6 player)
Population
200
Speed
Normal
Resources
Standard
Victory
Conquest
Starting age
Dark Age
Ending age
Imperial Age
RankedLock teamsTeams togetherTeam positionsShared explorationLock speedFull tech treeHidden civsTurbo modeCheats
Victory
Defeat
🇦🇷 Britons · Argentina
1439
+13
🇦🇷 Saracens · Argentina
1437
+13
🇦🇷 Huns · Argentina
1408
+13
🇺🇸 Chinese · United States
1398
-14
🇺🇸 Mongols · United States
1386
-14
🇺🇸 Turks · United States
1305
-11
Big Booty Stuffer
0:27 Loom
8:53 Feudal Age
9:45 Double-Bit Axe
13:34 Scale Barding Armor
17:27 Bloodlines
21:18 Forging
24:16 Castle Age
22:31 Horse Collar
23:07 Forging
24:30 Light Cavalry
25:45 Chain Barding Armor
mickeymouse
6:00 Loom
8:18 Feudal Age
15:43 Scale Barding Armor
21:19 Forging
25:27 Castle Age
23:59 Double-Bit Axe
24:29 Gold Mining
25:00 Bloodlines
28:00 Fletching
28:11 Padded Archer Armor
29:57 Bodkin Arrow
Noobis
7:06 Loom
9:24 Feudal Age
9:58 Double-Bit Axe
13:34 Forging
15:24 Scale Barding Armor
19:55 Bloodlines
26:15 Wheelbarrow
26:23 Horse Collar
29:50 Castle Age
30:55 Chain Barding Armor
31:29 Husbandry
Rey Escorpion
5:49 Loom
8:54 Feudal Age
12:28 Fletching
12:38 Padded Archer Armor
30:39 Castle Age
29:40 Double-Bit Axe
30:19 Gold Mining
30:42 Crossbowman
31:43 Bodkin Arrow
blabla
6:44 Loom
9:38 Feudal Age
10:32 Double-Bit Axe
18:38 Scale Barding Armor
19:19 Bloodlines
20:36 Forging
26:01 Castle Age
25:25 Horse Collar
28:55 Chain Barding Armor
29:21 Iron Casting
28:59 Husbandry
36:03 Bow Saw
Michael J. Saylor
6:48 Loom
9:36 Feudal Age
10:10 Double-Bit Axe
17:04 Scale Barding Armor
19:15 Forging
19:39 Horse Collar
21:37 Bloodlines
25:33 Castle Age
24:25 Gold Mining
26:16 Husbandry
26:06 Light Cavalry
27:12 Chain Barding Armor
35:13 Iron Casting
Connection lost

Rejoining the realm…

Still unreachable

The connection could not be restored.

Session expired

The server has moved on; the page needs a fresh start.